 Dungeon Crawl Stone Soup version 0.30.1 (webtiles) character file.

Game seed: 8801698448187915823

269 FallenXxXSky the Ducker (level 6, -2/73 HPs)
             Began as a Merfolk Transmuter on July 6, 2023.
             Was an Initiate of Ru.
             Slain by a water moccasin (4 damage)
             ... on level 5 of the Dungeon.
             The game lasted 00:07:25 (3584 turns).

FallenXxXSky the Ducker (Merfolk Transmuter)        Turns: 3584, Time: 00:07:26

Health: -2/73      AC: 23    Str: 13 (16) XL:     6   Next: 22%
Magic:  9/9        EV:  2    Int:  8 (11) God:    Ru [......]
Gold:   142        SH:  0    Dex: 11 (14) Spells: 8/9 levels left

rFire   . . .        n - +0 quarterstaff
rCold   . . .        (shield currently unavailable)
rNeg    . . .        t - melded +2 chain mail {rC+}
rPois   +            j - melded +0 helmet
rElec   .            (cloak currently unavailable)
rCorr   .            (gloves currently unavailable)
SInv    .            m - melded +0 pair of boots
Will    .....        (no amulet)
Stlth   +            (no ring)
HPRegen 1.12/turn    (no ring)
MPRegen 0.11/turn

%: no passive effects
@: brilliant, lethally poisoned (-2 -> -2), tree-form
A: stationary, stasis, torment immunity, boosted hp, (nimble swimmer 2),
(mertail), (fire resistance 1), regeneration 1, strong 1
a: Renounce Religion, Sacrifice Purity, Sacrifice Courage, Sacrifice Arcana,
Reject Sacrifices


You were on level 5 of the Dungeon.
You worshipped Ru.
Ru was noncommittal.
You were a tree.
You visited 1 branch of the dungeon, and saw 5 of its levels.

You collected 196 gold pieces.
You spent 54 gold pieces at shops.

Inventory:

Hand Weapons
 n - a +0 quarterstaff (weapon)
Armour
 j - a +0 helmet (melded)
 m - a +0 pair of boots (melded)
 t - a +2 chain mail of cold resistance (melded)
Jewellery
 u - a ring of ice
Wands
 i - a wand of flame (15)
 w - a wand of paralysis (1)
Scrolls
 a - 3 scrolls of teleportation
 c - 6 scrolls of identify {unknown}
 e - a scroll of acquirement {unknown}
 g - 2 scrolls of poison {unknown}
 k - a scroll of noise
 o - a scroll of enchant armour {unknown}
 r - 2 scrolls of immolation {unknown}
 s - a scroll of vulnerability {unknown}
Potions
 f - 2 potions of mutation
 h - 3 potions of flight
 l - 2 potions of degeneration
 p - 4 potions of curing


   Skills:
 + Level 4.3 Fighting
 + Level 2.0 Armour
 - Level 4.9 Dodging
 - Level 3.3 Unarmed Combat
 - Level 2.0 Spellcasting
 - Level 2.8 Transmutations


You had 8 spell levels left.
You knew the following spells:

 Your Spells              Type           Power      Damage    Failure   Level
a - Beastly Appendage     Tmut           14%        N/A       12%         1

Your spell library contained the following spells:

 Spells                   Type           Power      Damage    Failure   Level
 Wereblood                Tmut           7%         N/A       17%         2
 Apportation              Tloc           2%         N/A       34%         1
 Necrotise                Necr           4%         1d4       34%         1
 Summon Small Mammal      Summ           4%         N/A       34%         1
 Spider Form              Tmut/Pois      4%         N/A       52%         3
 Ice Form                 Ice/Tmut       4%         N/A       90%         4


Dungeon Overview and Level Annotations

Branches:
Dungeon (5/15)             Temple (0/1) D:4

Altars:
Ashenzari
Ru

Shops:
D:2 [


Innate Abilities, Weirdness & Mutations

You are a tree.
Your roots penetrate the ground, keeping you stationary.
You cannot be teleported.
You are immune to unholy pain and torment.
Your maximum health is greatly increased.
Your equipment is partially melded.
((You are very nimble when in or above water. (Stealth+, EV+, Speed+++)))
((Your lower body shifts to a powerful aquatic tail in water.))
((Your flesh is heat resistant. (rF+)))
Your natural rate of healing is unusually fast.
Your muscles are strong. (Str +4, Int/Dex -1)


Message History

The water moccasin is heavily wounded.
The water moccasin bites you but does no damage. x2
You closely miss the water moccasin.
The water moccasin is heavily wounded.
The water moccasin bites you.
* * * LOW HITPOINT WARNING * * *
The water moccasin bites you but does no damage.
You barely miss the water moccasin.
The water moccasin is heavily wounded.
The water moccasin bites you but does no damage.
The water moccasin bites you.
* * * LOW HITPOINT WARNING * * *
You closely miss the water moccasin.
The water moccasin is heavily wounded.
The water moccasin bites you.
* * * LOW HITPOINT WARNING * * *
You are poisoned.
The water moccasin poisons you!
The water moccasin bites you but does no damage.
You hit the water moccasin.
The water moccasin is severely wounded.
You feel very sick.
The water moccasin bites you but does no damage.
You miss the water moccasin.
The water moccasin is severely wounded.
You feel sick.
The water moccasin bites you but does no damage.
The water moccasin barely misses you.
You hit the water moccasin but do no damage.
The water moccasin is severely wounded.
You feel sick.
The water moccasin bites you but does no damage.
The water moccasin bites you.
* * * LOW HITPOINT WARNING * * *
You completely miss the water moccasin.
The water moccasin is severely wounded.
You feel sick. The water moccasin bites you.
* * * LOW HITPOINT WARNING * * *
The water moccasin bites you.
You die...

##.# #.##.#.##
##.# #......# ...#
###.#.## ####
#.###.# #
##.#..##### #
##.#.#... # # #
####.#.# .#.## #
#..(...#####....##
#
#.##.....♣........
# # #...#.#S#....#
#...#.#h# .##
#.....#.#
##....... #.####.#
... ..# ... ...
...


You could see a water moccasin and a hound.

Vanquished Creatures
  A water moccasin (D:5)
  A hound (D:4)
  A jelly (D:4)
  3 adders
  A worm (D:2)
  4 dart slugs
  3 orcs (D:3)
  3 endoplasms
  5 giant cockroaches
  7 goblins
  8 hobgoblins
  2 quokkas (D:4)
  8 ball pythons
  5 bats
  3 frilled lizards
  8 kobolds
  7 rats
70 creatures vanquished.

Notes
Turn   | Place    | Note
-------+----------+-------------------------------------------
     0 | D:1      | FallenXxXSky the Merfolk Transmuter began the quest for the
                  | Orb.
     0 | D:1      | Reached XP level 1. HP: 15/15 MP: 3/3
   125 | D:1      | Reached XP level 2. HP: 18/21 MP: 5/5
   415 | D:1      | Reached XP level 3. HP: 25/27 MP: 6/6
  1303 | D:2      | Found Ralomun's Armour Emporium.
  1309 | D:2      | Bought a +0 pair of boots for 54 gold pieces
  1445 | D:2      | Reached XP level 4. HP: 34/34 MP: 7/7
  1629 | D:2      | You fall into a shaft and drop 1 floor!
  1721 | D:2      | Found a sacrificial altar of Ru.
  1759 | D:2      | Became a worshipper of Ru the Awakened
  2025 | D:3      | Found a broken altar of Ashenzari.
  3062 | D:4      | Reached skill level 1 in Armour
  3062 | D:4      | Reached XP level 5. HP: 30/41 MP: 8/8
  3150 | D:4      | Found a staircase to the Ecumenical Temple.
  3376 | D:5      | Entered Level 5 of the Dungeon
  3378 | D:5      | Noticed a water moccasin
  3388 | D:5      | Gained mutation: Your muscles are strong. (Str +4, Int/Dex
                  | -1) [potion of mutation]
  3388 | D:5      | Gained mutation: Your flesh is heat resistant. (rF+)
                  | [potion of mutation]
  3388 | D:5      | Gained mutation: Your natural rate of healing is unusually
                  | fast. [potion of mutation]
  3394 | D:5      | Killed a water moccasin
  3395 | D:5      | Reached XP level 6. HP: 31/49 MP: 9/9
  3545 | D:5      | Noticed a water moccasin
  3584 | D:5      | HP: 2/73 [water moccasin (5)]
  3584 | D:5      | Slain by a water moccasin

Illustrated notes

Levels and vault maps discovered:
D:1:      eino_arrival_druids_welcome, layout_loops_ring, minmay_pentomino_s4
D:2:      layout_basic, basic_altar, serial_shops, shop, solitary_fountain,
          amcnicky_mini_corridor_feature
D:3:      layout_loops_ring, evilmike_ruin_ashenzari, serial_co_window_serial,
          co_window_of_opportunity_a, co_window_corner_a, co_window_corner_a,
          co_window_cross_1, co_window_paths_a, co_window_of_opportunity_a,
          co_window_corner_a, co_window_broadway_a, co_window_2corner,
          co_window_unsneaky_path_b, co_window_paths_c, co_window_corner_cb,
          co_window_corner_b, co_window_broadway_a, glass_columns_c,
          glass_columns_a, glass_columns_a, glass_columns_c, minivault_25
D:4:      layout_rooms, temple_statues, minmay_diced_spiral
D:5:      layout_loops_corners, nicolae_tso_swordbearing_angel,
          gammafunk_ghost_abyssal_escape, uniq_edmund, uniq_ijyb

Skill      XL: |  1  2  3  4  5 |
---------------+----------------+-----
Dodging        | 3 4 |  4.9
Fighting       | 2 3 4 |  4.3
Armour         | 1 2 |  2.0
Unarmed Combat | |  3.3
Spellcasting   | |  2.0
Transmutations | |  2.8

Action                     |  1- 3 |  4- 6 || total
---------------------------+-------+-------++-------
  Melee: Unarmed           |   131 |       ||   131
         Headbutt          |     6 |       ||     6
         Punch             |     4 |       ||     4
         Quarterstaff      |     7 |   137 ||   144
   Cast: Beastly Appendage |     7 |       ||     7
  Evoke: Wand              |       |     6 ||     6
    Use: Scroll            |     1 |     2 ||     3
         Potion            |       |     9 ||     9
   Stab: Paralysed         |       |     3 ||     3
 Armour: Robe              |     5 |       ||     5
         Ring mail         |    19 |    28 ||    47
         Chain mail        |       |    69 ||    69
         Skin              |       |    12 ||    12
  Dodge: Dodged            |    72 |    71 ||   143
